AoeStats
← alejandroalabauserrano

Arabia

508363392Analyzed
1v1 RM · 12d ago on Sep 22, 2026· 59m 22s· 2 players
Game mode
Random Map
Map size
Tiny (2 player)
Population
200
Speed
Normal
Resources
Standard
Victory
Conquest
Starting age
Dark Age
Ending age
Imperial Age
RankedLock teamsTeams togetherTeam positionsShared explorationLock speedFull tech treeHidden civsTurbo modeCheats
Victory
Defeat
443
+19
🇦🇷 Teutons · Argentina
515
-19
alejandroalabauserrano
1:48 Loom
11:03 Feudal Age
11:29 Double-Bit Axe
11:25 Horse Collar
13:10 Town Watch
14:13 Wheelbarrow
13:23 Town Watch
14:13 Gold Mining
16:00 Heavy Plow
16:59 Bow Saw
17:38 Scale Barding Armor
17:46 Forging
17:39 Padded Archer Armor
18:27 Hand Cart
22:00 Castle Age
20:55 Fletching
21:07 Stone Mining
22:02 Gold Shaft Mining
23:46 Two-Man Saw
22:52 Town Patrol
24:08 Stone Shaft Mining
26:51 Leather Archer Armor
28:34 Burgundian Vineyards
30:31 Chain Barding Armor
30:47 Iron Casting
29:38 Cavalier
30:19 Husbandry
34:11 Crop Rotation
34:21 Bodkin Arrow
36:15 Elite Skirmisher
39:25 Ballistics
43:40 Imperial Age
43:42 Paladin
46:17 Plate Barding Armor
46:43 Blast Furnace
45:44 Bracer
53:34 Chemistry
andresklix77
0:29 Loom
11:04 Feudal Age
13:45 Double-Bit Axe
18:21 Castle Age
16:44 Horse Collar
18:14 Scale Barding Armor
19:53 Padded Archer Armor
19:46 Fletching
20:18 Heavy Plow
22:12 Crossbowman
26:08 Wheelbarrow
28:06 Chain Barding Armor
32:11 Leather Archer Armor
31:51 Bodkin Arrow
32:35 Scale Mail Armor
32:31 Gold Mining
32:40 Pikeman
33:21 Squires
34:28 Ballistics
35:49 Bloodlines
35:44 Arson
39:50 Imperial Age
38:48 Forging
40:35 Hand Cart
42:17 Cavalier
43:54 Bow Saw
45:11 Halberdier
51:15 Crop Rotation
50:40 Elite Skirmisher
58:47 Ring Archer Armor
Connection lost

Rejoining the realm…

Still unreachable

The connection could not be restored.

Session expired

The server has moved on; the page needs a fresh start.